 Dungeon Crawl Stone Soup version 0.22-a0-772-gac08f70 (webtiles) character file.

11 Amnesiac the Digger (level 2, 10/19 HPs)
             Began as a Demonspawn Earth Elementalist on July 17, 2018.
             Quit the game on level 3 of the Dungeon.
             The game lasted 00:01:03 (563 turns).

Amnesiac the Digger (Demonspawn Earth Elementalist)  Turns: 563, Time: 00:01:04

Health: 10/19      AC:  2    Str:  8    XL:     2   Next: 17%
Magic:  1/5        EV: 12    Int: 16    God:
Gold:   50         SH:  0    Dex: 13    Spells: 4/5 levels left

rFire    . . .     SeeInvis .   g - +0 dagger
rCold    . . .     Gourm    .   (no shield)
rNeg     . . .     Faith    .   c - +0 robe
rPois    .         Spirit   .   (no helmet)
rElec    .         Reflect  .   (no cloak)
rCorr    .         Harm     .   (no gloves)
MR       .....                  (no boots)
Stlth    ++........             (no amulet)
HPRegen  0.06/turn              (no ring)
MPRegen  0.09/turn              (no ring)

@: no status effects
A: claws 1
a: no special abilities


You were on level 3 of the Dungeon.
You were not hungry.

You visited 1 branch of the dungeon, and saw 3 of its levels.

You collected 50 gold pieces.

Inventory:

Hand Weapons
 g - a +0 dagger (weapon)
Missiles
 b - 27 stones (quivered)
Armour
 c - a +0 robe (worn)
Scrolls
 e - a scroll of magic mapping {!r, unknown}
 f - 2 scrolls of identify {!r, unknown}
Comestibles
 d - 3 rations


   Skills:
 + Level 2.0 Dodging
 - Level 2.0 Stealth
 + Level 2.1 Spellcasting
   Level 0.8 Transmutations
 * Level 3.0 Earth Magic


You had 4 spell levels left.
You knew the following spells:

 Your Spells              Type           Power        Failure   Level  Hunger
a - Sandblast             Erth           ##....       6%          1    #......

Your spell library contained the following spells:

 Spells                   Type           Power        Failure   Level  Hunger
 Stone Arrow              Conj/Erth      #.....       32%         3    ###....
 Passwall                 Tmut/Erth      #.......     14%         2    ###....
 Lee's Rapid Deconstruct  Erth           ##........   86%         5    ######.
 Petrify                  Tmut/Erth      #.......     67%         4    #####..


Dungeon Overview and Level Annotations

Branches:
Dungeon (3/15)

Altars:


Innate Abilities, Weirdness & Mutations

You have sharp fingernails.


Message History

The worm is heavily wounded.
b - 29 stones
Casting: Sandblast (safe; 6% risk of failure)
Confirm with . or Enter, or press ? or * to list all spells.
Aiming: Sandblast (safe; 6% risk of failure)
Press: ? - help, Shift-Dir - straight line, f/p - worm
Aim: a worm (moderately wounded)
You miscast Sandblast.
You are very lightly contaminated with residual magic.
The floor shifts beneath you alarmingly!
Casting: Sandblast (safe; 6% risk of failure)
Confirm with . or Enter, or press ? or * to list all spells.
You don't have enough magic to cast that spell.
Casting: Sandblast (safe; 6% risk of failure)
Confirm with . or Enter, or press ? or * to list all spells.
You don't have enough magic to cast that spell.
Casting: Sandblast (safe; 6% risk of failure)
Confirm with . or Enter, or press ? or * to list all spells.
You don't have enough magic to cast that spell.
You open the door. The worm barely misses you.
There is an open door here.
Your magical contamination has completely faded away.
You now have 50 gold pieces (gained 15).
d - 3 rations (gained 1)
You open the door.
An ooze comes into view.
Found a flail.
There is an open door here.
Found a robe.
You see here a flail.
You start waiting.
Done waiting.
Found a stone staircase leading down and a stone staircase leading up.
An orc comes into view.
You hit the ooze but do no damage. The ooze hits you.
You hit the ooze.
The ooze is lightly wounded.
The ooze hits you.
Casting: Sandblast (safe; 6% risk of failure)
Confirm with . or Enter, or press ? or * to list all spells.
Aiming: Sandblast (safe; 6% risk of failure)
Press: ? - help, Shift-Dir - straight line, f - ooze
Aim: an ooze (lightly wounded)
The blast of sand hits the ooze.
The ooze is heavily wounded.
b - 28 stones The ooze hits you.
Casting: Sandblast (safe; 6% risk of failure)
Confirm with . or Enter, or press ? or * to list all spells.
Aiming: Sandblast (safe; 6% risk of failure)
Press: ? - help, Shift-Dir - straight line, f/p - ooze
Aim: an ooze (heavily wounded)
The blast of sand hits the ooze.
You kill the ooze!
Training target 2.0 for Stealth reached!
Your Dodging skill increases to level 2!
Your Stealth skill increases to level 2!
Your Earth Magic skill increases to level 3!
You have reached level 2!
Your demonic ancestry asserts itself...
Your fingernails lengthen.
b - 27 stones Are you sure you want to abandon this character and quit the game? (Confirm with "yes".)

#.# #.# #.####
#[#.. #.#.#####
####.#.#<..##
+.......>...#
####.#.#.#o..
#.#@# #)#.# #.#.#
########.#.#.###
'...............
.#...####.#######
.....####'#######
................#
............###.#


There were no monsters in sight!

Vanquished Creatures
  An ooze (D:3)
  An orc (D:3)
  A bat (D:2)
  A giant cockroach (D:2)
  A goblin (D:2)
  A ball python (D:3)
6 creatures vanquished.

Notes
Turn   | Place    | Note
-------+----------+-------------------------------------------
     0 | D:1      | Amnesiac the Demonspawn Earth Elementalist began the quest for the Orb.
     0 | D:1      | Reached XP level 1. HP: 13/13 MP: 3/3
   562 | D:3      | Reached skill level 3 in Earth Magic
   562 | D:3      | Gained mutation: You have sharp fingernails. [demonic ancestry]
   562 | D:3      | Reached XP level 2. HP: 10/19 MP: 1/5
   563 | D:3      | Quit the game

Vault maps used:
D:1:      nzn_arrival_water_spiral, hangedman_decor_growths, corner_web_ring
D:2:      fedhas_altar_2, first_ration, chequers_ecumenical_altar_lobes
D:3:      uniq_sigmund

Skill      XL: |  1 |
---------------+----+-----
Dodging        | 2 |  2.0
Stealth        | 2 |  2.0
Earth Magic    | 3 |  3.0
Spellcasting   | |  2.1
Transmutations | |  0.8

Action                   || total
-------------------------++-------
Melee: Dagger            ||     9
 Cast: Sandblast         ||    11
 Stab: Sleeping          ||     1
Armor: Robe              ||     1
Dodge: Dodged            ||     6

Table legend:
 A = Spawn XP
 B = Non-spawn XP
 C = Spawn XP percentage of total XP
 D = Spawn monster count
 E = Non-spawn monster count
 F = Spawn count percentage of total count
 G = Total turns spent on level
                    A         B        C        D         E        F      G
               +---------+---------+-------+---------+---------+-------+---------
         Total |       0 |      17 |   0.0 |       0 |       6 |   0.0 |   563
               +---------+---------+-------+---------+---------+-------+---------
           D:2 |       0 |       6 |   0.0 |       0 |       3 |   0.0 |   114
           D:3 |       0 |      11 |   0.0 |       0 |       3 |   0.0 |   430
               +---------+---------+-------+---------+---------+-------+---------
